 Dungeon Crawl Stone Soup version 0.28.0-53-g5a82cb258f (webtiles) character file.

Game seed: 5768839177319115337

9071 DemonSlayer the Thaumaturge (level 11, -2/74 HPs)
             Began as a Demonspawn Fire Elementalist on July 27, 2022.
             Was a High Priest of Cheibriados.
             Slain by a blink frog (9 damage)
             ... on level 2 of the Lair of Beasts.
             The game lasted 00:27:35 (14777 turns).

DemonSlayer the Thaumaturge (DsFE)                 Turns: 14777, Time: 00:27:35

Health: -2/74      AC:  2    Str: 22    XL:     11   Next: 18%
Magic:  18/24      EV: 20    Int: 30    God:    Cheibriados [*****.]
Gold:   677        SH:  8    Dex: 31    Spells: 9/29 levels left

rFire   . . .      SeeInvis .   c - +6 rapier of Okawaru's Esteem {protect, Drain rPois Dex+9}
rCold   . . .      Faith    .   g - +1 buckler
rNeg    . . .      Spirit   .   a - +0 robe
rPois   +          Reflect  .   (helmet restricted)
rElec   .          Harm     .   (no cloak)
rCorr   .          Rampage  .   j - +0 pair of gloves
Will    .....                   (no boots)
Stlth   ++++......              e - amulet of magic regeneration
HPRegen 0.22/turn               n - +4 ring of evasion
MPRegen 0.78/turn               (no ring)

@: on berserk cooldown, very slightly contaminated, slowed, very slow
A: antennae 1, claws 1, hooves 2, ignite blood 1, magic regeneration, clumsy 1,
deformed body, dopey 1, strong 1
a: Renounce Religion, Bend Time, Temporal Distortion, Slouch, Step From Time


You were on level 2 of the Lair of Beasts.
You worshipped Cheibriados.
Cheibriados was extremely pleased with you.
You visited 2 branches of the dungeon, and saw 11 of its levels.

You collected 677 gold pieces.

Inventory:

Hand Weapons
 c - the +6 rapier of Okawaru's Esteem (weapon) {protect, Drain rPois Dex+9}
   (You found it on level 3 of the Dungeon)

   It grants its wielder temporary protection when it strikes (+7 to AC).
   Dex:       It affects your dexterity (+9).
   rPois:     It protects you from poison.
   Drain:     It drains your maximum health when unequipped.
 l - a +2 short sword of electrocution
Armour
 a - a +0 robe (worn)
 g - a +1 buckler (worn)
 j - a +0 pair of gloves (worn)
Jewellery
 e - an amulet of magic regeneration (around neck)
 m - a ring of fire
 n - a +4 ring of evasion (left hand)
Wands
 b - a wand of acid (5)
 d - a wand of digging (5)
 o - a wand of flame (9)
 q - a wand of polymorph (10)
 x - a wand of paralysis (12)
Scrolls
 f - a scroll of torment
 h - a scroll of immolation
 s - a scroll of teleportation
 A - a scroll of enchant armour
Potions
 i - 6 potions of brilliance
 k - 2 potions of attraction
 u - a potion of cancellation {unknown}


   Skills:
 + Level 2.8 Fighting
 + Level 4.1 Short Blades
 + Level 4.3 Dodging
 + Level 4.9 Stealth
 + Level 2.7 Shields
 + Level 9.9 Spellcasting
 + Level 2.1 Conjurations
 + Level 0.4 Hexes
 + Level 0.5 Translocations
 + Level 9.7 Fire Magic
 + Level 1.7 Evocations


You had 9 spell levels left.
You knew the following spells:

 Your Spells              Type           Power      Damage    Failure   Level
a - Foxfire               Conj/Fire      100%       2x1d9     1%          1
b - Scorch                Fire           100%       2d10      1%          2
c - Conjure Flame         Conj/Fire      50%        6-21      1%          3
d - Call Canine Familiar  Summ           14%        N/A       14%         3
e - Leda's Liquefaction   Hex/Erth       8%         N/A       38%         4
f - Flame Wave            Conj/Fire      50%        2d10      4%          4
g - Portal Projectile     Hex/Tloc       34%        N/A       12%         3

Your spell library contained the following spells:

 Spells                   Type           Power      Damage    Failure   Level
 Inner Flame              Hex/Fire       45%        N/A       1%          3
 Beastly Appendage        Tmut           28%        N/A       4%          1
 Wereblood                Tmut           14%        N/A       7%          2
 Spider Form              Tmut/Pois      14%        N/A       14%         3


Dungeon Overview and Level Annotations

Branches:
Dungeon (9/15)             Temple (0/1) D:6            Lair (2/6) D:9
  Swamp: Lair:2-4    Shoals: Lair:2-4     Snake: Lair:2-4    Spider: Lair:2-4
    Orc: D:9-12

Altars:
Cheibriados
Gozag
Hepliaklqana
Kikubaaqudgha
Qazlal
Ru
Sif Muna
Xom
Yredelemnul
Zin

Shops:
D:7 (

Annotations:
D:5 1 runed translucent door, Crazy Yiuf


Innate Abilities, Weirdness & Mutations

You have a pair of small antennae on your head.
You have sharp fingernails.
You have hoof-like feet.
Your demonic aura sometimes causes spilled blood to erupt in flames.
You regenerate magic rapidly.
You are clumsy. (Dex -2)
Armour fits poorly on your strangely shaped body.
You are dopey. (Int -2)
Your muscles are strong. (Str +2)


Message History

The yak snorts and paws the ground.
The blink frog blinks!
The blink frog hits you!
You are too injured to fight recklessly!
A red film seems to cover your vision as you go berserk!
Cheibriados forces you to slow down.
You feel mighty!
A scorpion comes into view.
You block the cane toad's attack. The yak misses you.
The blink frog misses you. The yak barely misses you.
You block the yak's attack. You block the cane toad's attack.
You impale the cane toad!!
Your weapon exudes an aura of protection.
You kick the cane toad!
You kill the cane toad!
Cheibriados appreciates the change of pace.
The blink frog hits you but does no damage.
The yak completely misses you. You block the yak's attack.
The blink frog misses you. The blink frog completely misses you.
A water moccasin comes into view.
The yak barely misses you. The yak closely misses you.
You block the yak's attack. The blink frog misses you.
The blink frog barely misses you. The yak barely misses you.
The blink frog closely misses you. You block the yak's attack.
The blink frog blinks!
The blink frog hits you.
The blink frog blinks!
The yak closely misses you. The blink frog barely misses you.
The yak closely misses you.
You see here a cane toad corpse.
You feel a strong urge to attack something.
The blink frog barely misses you. The yak misses you. The yak gores you!
The blink frog hits you!
* * * LOW HITPOINT WARNING * * *
You are no longer berserk.
You are exhausted.
You feel yourself slow down. You block the blink frog's attack.
The blink frog blinks!
You block the yak's attack. You block the blink frog's attack.
The blink frog blinks! x2
You block the blink frog's attack. The yak gores you!
* * * LOW HITPOINT WARNING * * *
The yak completely misses you. The blink frog hits you!
You die...

## ### .#.# ##.##
....##
#####.#B###
...>.#
#.#..YYF@Y###
......
##...sBYYF.P#
......
#P....w.S...#
......
##..w..........
......
#.........>..##
......
#.....§F......)P#
......
##........F....##
......
#.............#
......
..............P
......


You could see 5 yaks, 4 blink frogs, a water moccasin, 2 worms, a scorpion and 2
giant cockroaches.

Vanquished Creatures
  Pikel (D:5)
  A cyclops (D:8)
  A black mamba (Lair:1)
  A komodo dragon (Lair:1)
  A rime drake (Lair:1)
  2 cane toads
  2 hornets (D:8)
  5 blink frogs (Lair:1)
  8 yaks
  Eustachio (D:6)
  A steam dragon (D:8)
  An acid dragon (D:7)
  Duvessa (D:4)
  5 water moccasins
  4 orc warriors
  A black bear (D:5)
  A necrophage (D:5)
  2 ice beasts (D:7)
  A sky beast (D:8)
  3 ogres
  4 centaurs
  A lemure (D:5)
  A phantom (D:5)
  5 bullfrogs
  3 gnoll sergeants
  2 scorpions
  Dowan (D:4)
  3 wights (D:9)
  2 howler monkeys (D:8)
  2 centaur zombies
  3 bullfrog skeletons
  3 hounds
  4 jellies
  3 orc priests
  9 orc wizards
  3 iguanas
  2 howler monkey zombies
  12 gnolls
  6 adders
  A shadow imp (D:7)
  5 white imps
  An ufetubus (D:4)
  A worm (D:3)
  6 dart slugs
  23 orcs
  6 ball pythons
  5 endoplasms
  3 giant cockroaches
  5 goblins
  7 hobgoblins
  4 kobolds
  5 quokkas
  5 bats
  9 rats
  A spectral orc (D:9)
199 creatures vanquished.

Vanquished Creatures (others)
  118 foxfires
  6 fungi
  5 plants (Lair:1)
129 creatures vanquished.

Grand Total: 328 creatures vanquished

Notes
Turn   | Place    | Note
-------+----------+-------------------------------------------
     0 | D:1      | DemonSlayer the Demonspawn Fire Elementalist began the
                  | quest for the Orb.
     0 | D:1      | Reached XP level 1. HP: 13/13 MP: 3/3
   526 | D:1      | Discovered your monstrous ancestry.
   526 | D:1      | Gained mutation: You have a pair of small antennae on your
                  | head. [demonic ancestry]
   526 | D:1      | Reached XP level 2. HP: 10/19 MP: 5/5
   529 | D:1      | Learned a level 2 spell: Scorch
  1967 | D:2      | Gained mutation: You have large cloven feet. [demonic
                  | ancestry]
  1967 | D:2      | Reached XP level 3. HP: 16/24 MP: 0/6
  2413 | D:2      | Found a stormy altar of Qazlal.
  3112 | D:2      | Learned a level 3 spell: Conjure Flame
  3311 | D:3      | Reached XP level 4. HP: 30/30 MP: 3/8
  3467 | D:3      | Found a faded altar of an unknown god.
  3472 | D:3      | Found a hazy altar of Hepliaklqana.
  3545 | D:3      | Identified the +6 rapier of Okawaru's Esteem {protect,
                  | Drain rPois Dex+9}
  4257 | D:4      | Reached XP level 5. HP: 33/36 MP: 0/10
  4360 | D:4      | Found a snail-covered altar of Cheibriados.
  4360 | D:4      | Noticed Dowan
  4361 | D:4      | Noticed Duvessa
  4381 | D:4      | HP: 1/36 [Duvessa/puff of flame (8)]
  5635 | D:4      | Learned a level 3 spell: Call Canine Familiar
  5657 | D:4      | Found an opulent altar of Gozag.
  7071 | D:4      | Became a worshipper of Cheibriados the Contemplative
  7192 | D:5      | Entered Level 5 of the Dungeon
  7392 | D:5      | Reached skill level 1 in Short Blades
  7392 | D:5      | Gained mutation: You regenerate magic rapidly. [demonic
                  | ancestry]
  7392 | D:5      | Reached XP level 6. HP: 37/42 MP: 0/11
  7532 | D:5      | Reached skill level 1 in Fighting
  7592 | D:5      | Reached XP level 7. HP: 39/48 MP: 4/13
  7700 | D:5      | Reached skill level 1 in Shields
  7754 | D:5      | Reached skill level 5 in Spellcasting
  7754 | D:5      | Reached skill level 5 in Fire Magic
  7884 | D:5      | Noticed Pikel
  7906 | D:5      | Killed Pikel
  7907 | D:5      | Gained mutation: You have hoof-like feet. [demonic
                  | ancestry]
  7907 | D:5      | Reached XP level 8. HP: 16/54 MP: 14/16
  8269 | D:5      | Found a runed translucent door.
  8270 | D:5      | Noticed Crazy Yiuf
  8414 | D:5      | Reached * piety under Cheibriados
  8703 | D:4      | Killed Dowan
  8705 | D:4      | Killed Duvessa
  8799 | D:4      | Learned a level 4 spell: Leda's Liquefaction
  8804 | D:4      | Learned a level 4 spell: Flame Wave
  9260 | D:6      | Learned a level 3 spell: Portal Projectile
  9564 | D:6      | Noticed Eustachio
  9569 | D:6      | Killed Eustachio
  9570 | D:6      | Reached XP level 9. HP: 60/60 MP: 15/19
  9612 | D:6      | Reached ** piety under Cheibriados
  9681 | D:6      | Found a staircase to the Ecumenical Temple.
  9861 | D:7      | Found a shimmering blue altar of Sif Muna.
  9916 | D:7      | Found an ancient bone altar of Kikubaaqudgha.
  9999 | D:7      | Found Ilid Keo's Weapon Shoppe.
 10206 | D:8      | Found a shimmering altar of Xom.
 10206 | D:8      | Found a shimmering altar of Xom.
 10210 | D:8      | Found a shimmering altar of Xom.
 10210 | D:8      | Found a shimmering altar of Xom.
 10227 | D:8      | Found a shimmering altar of Xom.
 10490 | D:8      | Found a shimmering altar of Xom.
 10491 | D:8      | Found a shimmering altar of Xom.
 10506 | D:8      | Reached *** piety under Cheibriados
 10761 | D:8      | Noticed a cyclops
 10829 | D:8      | Killed a cyclops
 10855 | D:8      | Reached skill level 1 in Evocations
 10990 | D:8      | Gained mutation: You have sharp fingernails. [demonic
                  | ancestry]
 10990 | D:8      | Reached XP level 10. HP: 67/67 MP: 17/22
 11577 | D:9      | Reached **** piety under Cheibriados
 11900 | D:9      | Found a staircase to the Lair.
 11937 | D:9      | Found a sacrificial altar of Ru.
 12290 | D:9      | Found a basalt altar of Yredelemnul.
 12547 | Lair:1   | Entered Level 1 of the Lair of Beasts
 12803 | Lair:1   | Noticed a black mamba
 12813 | Lair:1   | Killed a black mamba
 12823 | Lair:1   | Noticed a cane toad
 12835 | Lair:1   | HP: 3/68 [cane toad (12)]
 12837 | Lair:1   | Killed a cane toad
 12837 | Lair:1   | Reached ***** piety under Cheibriados
 12838 | Lair:1   | Gained mutation: You are dopey. (Int -2) [potion of
                  | mutation]
 12838 | Lair:1   | Gained mutation: You are clumsy. (Dex -2) [potion of
                  | mutation]
 12838 | Lair:1   | Gained mutation: Armour fits poorly on your strangely
                  | shaped body. [potion of mutation]
 12838 | Lair:1   | Gained mutation: Your muscles are strong. (Str +2) [potion
                  | of mutation]
 12842 | Lair:1   | HP: 3/68 [poisoned by a cane toad]
 13649 | Lair:1   | Gained mutation: Your demonic aura sometimes causes spilled
                  | blood to erupt in flames. [demonic ancestry]
 13649 | Lair:1   | Reached XP level 11. HP: 74/74 MP: 12/24
 14410 | Lair:1   | HP: 3/74 [yak (9)]
 14777 | Lair:2   | Slain by a blink frog

Illustrated notes

Levels and vault maps discovered:
D:1:      co_arrival_square_in_a_square_in_a_square, layout_basic,
          minmay_split_cup_large
D:2:      layout_loops_ring, basic_altar, grunt_ministairs_4
D:3:      layout_basic, nicolae_overflow_ecumenical_swirl,
          kennysheep_nondescript
D:4:      nicolae_cairo_tiling, layout_loops_cross,
          mainiacjoe_overflow_24_doors, mainiacjoe_overflow_boulevard,
          st_stairs_14, grunt_decor_one_mirror, uniq_duvessa
D:5:      layout_basic, grunt_ministairs_11, kennysheep_generic_room_13,
          uniq_crazy_yiuf_cottage, uniq_pikel
D:6:      layout_basic, minmay_temple_entry_nine_rooms, minmay_misc_feat_x,
          uniq_eustachio
D:7:      layout_cave_pools, old_standard_altar, mainiacjoe_overflow_catwalk,
          serial_shops, nicolae_diamond_shop
D:8:      layout_cave_pools, nicolae_xom_altar_mimics,
          mainiacjoe_overflow_brackets
D:9:      layout_basic, yredelemnul_forgotten_temple_becter,
          nicolae_ru_sacrificial_ziggurat, dpeg_oklobed_lair,
          serial_co_window_serial, co_window_corner_a,
          co_window_of_opportunity_a, co_window_paths_b, co_window_corner_a,
          co_window_corner_a, co_window_of_opportunity_b, co_window_broadway_a,
          co_window_2corner, co_window_cross_2, co_window_of_opportunity_b,
          co_window_2corner, hangedman_glass_teeth, grunt_decor_cap
Lair:1:   layout_layer_cave
Lair:2:   layout_cave_pods, nicolae_spider_entry_non_spiders, kennysheep_rathole

Skill      XL: |  1  2  3  4  5  6  7  8  9 10 |
---------------+-------------------------------+-----
Fire Magic     | 3 4 5 6 8 9 |  9.7
Stealth        | 2 3 4 |  4.9
Dodging        | 2 3 4 |  4.3
Spellcasting   | 3 4 5 6 8 9 |  9.9
Short Blades   | 1 2 4 |  4.1
Fighting       | 1 2 |  2.8
Shields        | 1 2 |  2.7
Conjurations   | 2 |  2.1
Evocations     | 1 |  1.7
Hexes          | |  0.4
Translocations | |  0.5

Action                   |  1- 3 |  4- 6 |  7- 9 | 10-12 || total
-------------------------+-------+-------+-------+-------++-------
Melee: Unarmed           |    13 |       |       |       ||    13
       Short sword       |    38 |     2 |       |       ||    40
       Punch             |     1 |       |       |       ||     1
       Kick              |     6 |    21 |    15 |    27 ||    69
       Rapier            |       |    40 |    46 |    58 ||   144
Throw: Throwing net      |       |       |     1 |       ||     1
 Cast: Foxfire           |    64 |     7 |       |     9 ||    80
       Scorch            |    15 |    50 |   123 |    95 ||   283
       Conjure Flame     |       |     1 |     1 |       ||     2
       Portal Projectile |       |       |       |     2 ||     2
       Flame Wave        |       |       |       |     1 ||     1
Evoke: Wand              |       |       |     5 |       ||     5
  Use: Scroll            |       |     5 |     4 |     5 ||    14
       Potion            |       |     4 |     3 |     5 ||    12
 Stab: Sleeping          |     1 |     2 |     5 |     4 ||    12
       Invisible         |       |       |       |     4 ||     4
Armor: Robe              |    13 |    10 |    15 |     9 ||    47
Dodge: Dodged            |    39 |    35 |    95 |   122 ||   291
Block: Buckler           |     8 |    12 |    54 |    60 ||   134
